 Dungeon Crawl Stone Soup version 0.20.0-10-g0535bb4 (webtiles) character file.

85 grindst0ne the Skirmisher (level 4, -6/31 HPs)
             Began as a Gargoyle Fighter on June 4, 2017.
             Mangled by an ogre
             ... wielding a +0 giant club
              (18 damage)
             ... on level 3 of the Dungeon.
             The game lasted 00:03:02 (1584 turns).

grindst0ne the Skirmisher (Gargoyle Fighter)        Turns: 1584, Time: 00:03:03

Health: -6/31      AC: 10    Str: 20    XL:     4   Next: 48%
Magic:  4/4        EV:  7    Int:  8    God:
Gold:   73         SH:  9    Dex: 10    Spells: 3/3 levels left

rFire    . . .     SeeInvis .   a - +0 flail
rCold    . . .     Gourm    .   c - +0 shield
rNeg     + . .     Faith    .   b - +0 scale mail
rPois    ∞         Spirit   .   (no helmet)
rElec    +         Reflect  .   (no cloak)
rCorr    .         Harm     .   (no gloves)
MR       .....                  (no boots)
Stlth    ..........             (no amulet)
Regen    0.1/turn               (no ring)
MPRegen  0.1/turn               (no ring)

@: no status effects
A: negative energy resistance 1, electricity resistance, unbreathing,
petrification resistance, rot immunity, AC +3
a: no special abilities


You were on level 3 of the Dungeon.
You were not hungry.

You visited 1 branch of the dungeon, and saw 3 of its levels.

You collected 73 gold pieces.

Inventory:

Hand Weapons
 a - a +0 flail (weapon)
Armour
 b - a +0 scale mail (worn)
 c - a +0 shield (worn)
Scrolls
 e - 2 scrolls of magic mapping {unknown}
 g - 5 scrolls of teleportation {unknown}
 h - 2 scrolls of enchant weapon {unknown}
 k - 3 scrolls of remove curse {unknown}
 l - a scroll of amnesia {unknown}
 o - 2 scrolls of blinking {unknown}
 q - 2 scrolls of identify {unknown}
Potions
 d - 2 potions of might
 i - 2 potions of mutation {unknown}
 m - a potion of flight {unknown}
 n - a potion of haste {unknown}
 p - a potion of magic {unknown}
 r - a potion of agility {unknown}
 s - 3 potions of curing {unknown}
Comestibles
 f - 2 bread rations
 j - 3 chunks of flesh


   Skills:
 + Level 5.6 Fighting
 - Level 2.0 Maces & Flails
 - Level 3.2 Armour
 - Level 3.2 Shields


You had 3 spell levels left.
You didn't know any spells.

Dungeon Overview and Level Annotations

Branches:
Dungeon (3/15)

Altars:
Nemelex Xobeh
Trog


Innate Abilities, Weirdness & Mutations

You are resistant to torment.
Your stone body is resilient. (AC +3)
You are immune to poison.
You resist negative energy. (rN+)
You are resistant to electric shocks. (rElec)
You can survive without breathing.
You are immune to petrification.
You are immune to rotting.


Message History

You see here a rat corpse.
A rat comes into view.
The rat closely misses you.
Found a short smoking staff.
A rat comes into view.
A kobold and an ogre come into view.
The ogre shouts!
The kobold shouts!
The rat barely misses you.
Your shield and scale mail prevent you from hitting the rat.
The rat barely misses you. The rat bites you but does no damage.
You hit the rat.
The rat is moderately wounded.
You block the rat's attack. The ogre hits you with a giant club!!
Ouch! That really hurt!
The rat barely misses you.
The rat bites you but does no damage. x2
You hit the rat but do no damage.
The rat is moderately wounded.
The rat barely misses you. The ogre hits you with a giant club!!
Ouch! That really hurt!
You die...

...# ## .... ...
### .... .... ...
.... ..#.###.#
.... .........
#### .... #.###.#
... ## .
#.#r#r#..# # #.#
..#.###@#..# #.#
.....KOrr..# #.#
..#.###.#.## #.#
#.........### #.#
###.###.....#
##.#####....†..#.#
######
#.......##.....#.#
#.....
#..####.##.....#.#
#.....
#....##.##.....#.#
..# #.....


You could see an ogre, a kobold and 4 rats.

Vanquished Creatures
  2 adders
  An ooze (D:1)
  A worm (D:2)
  3 dart slugs
  3 orcs (D:3)
  3 giant cockroaches
  3 goblins
  6 hobgoblins
  7 jackals
  A ball python (D:2)
  8 bats
  4 frilled lizards
  3 kobolds
  6 rats
51 creatures vanquished.

Notes
Turn   | Place    | Note
-------+----------+-------------------------------------------
     0 | D:1      | grindst0ne the Gargoyle Fighter began the quest for the Orb.
     0 | D:1      | Reached XP level 1. HP: 14/14 MP: 1/1
   181 | D:1      | Reached skill level 4 in Fighting
   181 | D:1      | Reached XP level 2. HP: 18/20 MP: 2/2
   608 | D:2      | Reached XP level 3. HP: 24/24 MP: 3/3
   761 | D:2      | Reached skill level 5 in Fighting
  1060 | D:2      | Found a bloodstained altar of Trog.
  1060 | D:2      | Found a sparkling altar of Nemelex Xobeh.
  1286 | D:3      | Reached XP level 4. HP: 31/31 MP: 4/4
  1382 | D:3      | Found a faded altar of an unknown god.
  1579 | D:3      | Noticed an ogre
  1584 | D:3      | Mangled by an ogre

Skill      XL: |  1  2  3 |
---------------+----------+-----
Fighting       | 4 5 |  5.6
Maces & Flails | |  2.0
Armour         | |  3.2
Shields        | |  3.2

Action                   |  1- 3 |  4- 6 || total
-------------------------+-------+-------++-------
Melee: Flail             |   141 |    71 ||   212
  Eat: Chunk             |     1 |     2 ||     3
Armor: Scale mail        |    87 |    59 ||   146
Dodge: Dodged            |    50 |    39 ||    89
Block: Shield            |    77 |    42 ||   119
